AoeStats
← PomPom

Arabian Desert

516040195Analyzed
1v1 RM · 13d ago on Oct 24, 2026· 30m 6s· 2 players
Game mode
Random Map
Map size
Tiny (2 player)
Population
200
Speed
Normal
Resources
Standard
Victory
Conquest
Starting age
Dark Age
Ending age
Imperial Age
RankedLock teamsTeams togetherTeam positionsShared explorationLock speedFull tech treeHidden civsTurbo modeCheats
Victory
Defeat
🇺🇸 Japanese · United States
1900
+11
vs
🇻🇳 Britons · Vietnam
1798
-11
PomPom
6:14 Loom
8:31 Feudal Age
9:55 Double-Bit Axe
12:18 Horse Collar
20:12 Castle Age
24:37 Fletching
27:07 Bodkin Arrow
27:24 Crossbowman
DarK | Spring
6:46 Loom
8:50 Feudal Age
9:18 Man-at-Arms
9:47 Double-Bit Axe
13:37 Padded Archer Armor
18:29 Fletching
23:12 Castle Age
22:13 Scale Barding Armor
22:19 Bloodlines
24:21 Bodkin Arrow
24:28 Husbandry
Connection lost

Rejoining the realm…

Still unreachable

The connection could not be restored.

Session expired

The server has moved on; the page needs a fresh start.